 Dungeon Crawl Stone Soup version 0.29.0-15-g675c0067aa (webtiles) character file.

Game seed: 6207432693183729533

102 qw the Chopper (level 4, -3/28 HPs)
             Began as a Gargoyle Fighter on Sept 12, 2022.
             Slain by Natasha (4 damage)
             ... on level 3 of the Dungeon.
             The game lasted 00:00:42 (1964 turns).

qw the Chopper (Gargoyle Fighter)                   Turns: 1964, Time: 00:00:42

Health: -3/28      AC: 10    Str: 22    XL:     4   Next: 78%
Magic:  4/4        EV:  9    Int:  8    God:
Gold:   115        SH:  4    Dex:  9    Spells: 3/3 levels left

rFire   . . .      SeeInvis .   Y - +0 war axe
rCold   . . .      Faith    .   c - +0 buckler
rNeg    + . .      Spirit   .   b - +0 scale mail
rPois   inf        Reflect  .   (no helmet)
rElec   +          Harm     .   (no cloak)
rCorr   .          Rampage  .   (no gloves)
Will    .....                   (no boots)
Stlth   ..........              (no amulet)
HPRegen 0.09/turn               (no ring)
MPRegen 0.09/turn               (no ring)

@: slowed, very slow
A: sickness immunity, AC +3, negative energy resistance 1, electricity
resistance, torment resistance 1, petrification resistance
a: no special abilities


You were on level 3 of the Dungeon.
You visited 1 branch of the dungeon, and saw 3 of its levels.

You collected 115 gold pieces.


Innate Abilities, Weirdness & Mutations

You are immune to sickness and miasma.
Your stone body is resilient. (AC +3)
You are immune to poison.
You resist negative energy. (rN+)
You are resistant to electric shocks. (rElec)
You are resistant to unholy torment.
You are immune to petrification.


   Skills:
 - Level 3.2 Fighting
 + Level 4.1 Axes
 - Level 1.0 Throwing
 - Level 3.2 Armour
 - Level 3.2 Shields


You had 3 spell levels left.
You didn't know any spells.
Your spell library was empty.

Inventory:

Hand Weapons
 g - a +0 flail
 Y - a +0 war axe (weapon)
Armour
 b - a +0 scale mail (worn)
 c - a +0 buckler (worn)
Scrolls
 e - a scroll of identify
Potions
 a - a potion of invisibility {unknown}
 d - a potion of might
 f - 4 potions of curing

Dungeon Overview and Level Annotations

Branches:
Dungeon (3/15)

Altars:
Dithmenos
Kikubaaqudgha
Ru

Annotations:
D:3 Natasha


Message History

You see here 2 javelins.
Found a stone staircase leading down.
Natasha hisses.
Natasha stares at you and mumbles some strange words.
You feel yourself slow down. Natasha misses you.
You closely miss Natasha.
Natasha claws you but does no damage. x2
You slash Natasha!
Natasha is almost dead.
Natasha casts a spell.
Natasha casts a spell at you.
The magic dart hits you but does no damage.
You hit Natasha but do no damage.
Natasha is almost dead.
You hit the white imp. Natasha claws you. You block the white imp's attack.
Natasha claws you.
You closely miss Natasha.
Natasha is almost dead.
You hit the white imp but do no damage.
The white imp hits you but does no damage.
Natasha closely misses you. The white imp barely misses you.
Natasha barely misses you.
You hit Natasha.
Natasha is almost dead.
You closely miss the white imp. The white imp gestures at you.
The puff of frost hits you. Natasha claws you. The white imp gestures at you.
The puff of frost hits you.
Natasha howls an incantation.
Natasha glows brightly for a moment.
Natasha claws you but does no damage. The white imp hits you.
The white imp freezes you.
You hit Natasha but do no damage.
Natasha is almost dead.
You slash the white imp!
You kill the white imp!
The white imp disappears in a puff of smoke!
Natasha claws you! Natasha claws you but does no damage. Natasha claws you.
You die...

.##.#.####.##.........#.
....... ................
.##...####.#..%......##.
.###..# #.#.........# .#
##.. ..#.........# .#
#.#....(....# ##
#.#.........#
.......ยค..###
####.....@..#
########.##.....h..#
.........##........#
########.##........#
#.##........#
#.##........#
########.##......>..
.........##........##
##########


You could see Natasha.

Vanquished Creatures
  5 adders
  A worm (D:2)
  A dart slug (D:1)
  5 ball pythons
  2 endoplasms
  6 giant cockroaches
  3 goblins
  7 hobgoblins
  3 jackals (D:1)
  4 quokkas
  A bat (D:1)
  3 frilled lizards
  5 kobolds (D:1)
  3 rats
49 creatures vanquished.

Notes
Turn   | Place    | Note
-------+----------+-------------------------------------------
     0 | D:1      | qw the Gargoyle Fighter began the quest for the Orb.
     0 | D:1      | Reached XP level 1. HP: 14/14 MP: 1/1
     0 | D:1      | 0 ||| qw: Version: 0.1-a-119-g272c26d
     0 | D:1      | 0 ||| qw: Game counter: 10930
     0 | D:1      | 0 ||| qw: Always use a shield: true
     0 | D:1      | 0 ||| qw: God list: Okawaru
     0 | D:1      | 0 ||| qw: Allow faded altars: false
     0 | D:1      | 0 ||| qw: Do Orc after D:15 true
     0 | D:1      | 0 ||| qw: Do second Lair branch before Depths: true
     0 | D:1      | 0 ||| qw: Lair rune preference: random
     0 | D:1      | 0 ||| qw: Plans: Normal, Zot, God:TSO, Crypt, Tomb, Pan,
                  | Slime, Hells, Zig, Abyss, Orb
     0 | D:1      | 0 ||| PLANNING D:1-11
    53 | D:1      | Reached skill level 2 in Axes
    57 | D:1      | 57 ||| Stepping ~*~*~tactically~*~*~ (stealth).
   104 | D:1      | 104 ||| Stepping ~*~*~tactically~*~*~ (stealth).
   106 | D:1      | 106 ||| Stepping ~*~*~tactically~*~*~ (stealth).
   151 | D:1      | 151 ||| Stepping ~*~*~tactically~*~*~ (stealth).
   153 | D:1      | 153 ||| Stepping ~*~*~tactically~*~*~ (stealth).
   157 | D:1      | 157 ||| Stepping ~*~*~tactically~*~*~ (stealth).
   169 | D:1      | Reached XP level 2. HP: 16/19 MP: 2/2
   239 | D:1      | 239 ||| DROPPING +0 whip.
   340 | D:1      | Found a faded altar of an unknown god.
   396 | D:1      | Reached skill level 3 in Axes
   442 | D:1      | 442 ||| Stepping ~*~*~tactically~*~*~ (stealth).
   532 | D:1      | Reached XP level 3. HP: 23/23 MP: 3/3
   972 | D:1      | 972 ||| Stepping ~*~*~tactically~*~*~ (hiding).
   973 | D:1      | 973 ||| Stepping ~*~*~tactically~*~*~ (hiding).
   981 | D:1      | Reached skill level 1 in Throwing
  1147 | D:1      | 1147 ||| READING 2 scrolls labelled XULLUS VUWNU.
  1148 | D:1      | 1148 ||| READING scroll labelled QAEWKE MUANESK.
  1149 | D:1      | 1149 ||| DRINKING 2 glowing yellow potions.
  1150 | D:1      | 1150 ||| DROPPING scroll of amnesia.
  1181 | D:2      | 1181 ||| STAIRDANCE
  1352 | D:2      | Found an ancient bone altar of Kikubaaqudgha.
  1384 | D:2      | Reached XP level 4. HP: 26/28 MP: 4/4
  1421 | D:2      | 1421 ||| Stepping ~*~*~tactically~*~*~ (stealth).
  1512 | D:2      | 1512 ||| Stepping ~*~*~tactically~*~*~ (stealth).
  1725 | D:2      | 1725 ||| READING scroll labelled AJAHAOM QUQI.
  1726 | D:2      | 1726 ||| READING scroll labelled RUUPTEU PEGEYG.
  1758 | D:3      | Reached skill level 4 in Axes
  1923 | D:3      | Found a sacrificial altar of Ru.
  1923 | D:3      | Found a shadowy altar of Dithmenos.
  1927 | D:3      | 1927 ||| Stepping ~*~*~tactically~*~*~ (stealth).
  1930 | D:3      | 1930 ||| Stepping ~*~*~tactically~*~*~ (stealth).
  1955 | D:3      | Noticed Natasha
  1964 | D:3      | HP: 1/28 [Natasha (8)]
  1964 | D:3      | Slain by Natasha

Levels and vault maps discovered:
D:1:      psy_arrival_radial02, layout_loops_ring,
          shapermc_ecumenical_altar_totnotflames
D:2:      layout_rooms, basic_altar, minmay_misc_feat_nine_boxes
D:3:      minmay_razor_zed, layout_basic, gammafunk_temple_overflow_wave,
          serial_glass, glass_columns_a, glass_columns_a, glass_columns_c,
          glass_columns_a, uniq_jessica, uniq_ijyb, uniq_natasha

Skill      XL: |  1  2  3  4 |
---------------+-------------+-----
Axes           | 2 3 4 |  4.1
Throwing       | 1 |  1.0
Fighting       | |  3.2
Armour         | |  3.2
Shields        | |  3.2

Action                   |  1- 3 |  4- 6 || total
-------------------------+-------+-------++-------
Melee: War axe           |   108 |    22 ||   130
Throw: Javelin           |    35 |    14 ||    49
  Use: Scroll            |     2 |     2 ||     4
       Potion            |     1 |       ||     1
Armor: Scale mail        |    63 |    13 ||    76
Dodge: Dodged            |    45 |    11 ||    56
Block: Buckler           |    20 |     3 ||    23

Table legend:
 A = Non-vault XP
 B = Vault XP
 C = Vault XP percentage of total XP
 D = Non-vault monster count
 E = Vault monster count
 F = Vault count percentage of total count
                 A         B        C        D         E       F
            +---------+---------+-------+---------+---------+-------
      Total |     147 |       0 |   0.0 |      49 |       0 |   0.0
            +---------+---------+-------+---------+---------+-------
        D:1 |      51 |       0 |   0.0 |      28 |       0 |   0.0
        D:2 |      65 |       0 |   0.0 |      16 |       0 |   0.0
        D:3 |      31 |       0 |   0.0 |       5 |       0 |   0.0
            +---------+---------+-------+---------+---------+-------
